 Dungeon Crawl Stone Soup version 0.22.1-1-ga44c0e56f4 (webtiles) character file.

1733 Kaderl the Slasher (level 9, 0/68 HPs)
             Began as a Merfolk Fighter on Nov 3, 2018.
             Slain by a sky beast (6 damage)
             ... on level 6 of the Dungeon.
             The game lasted 00:13:27 (6151 turns).

Kaderl the Slasher (Merfolk Fighter)                Turns: 6151, Time: 00:13:28

Health: 0/68       AC:  9    Str: 24    XL:     9   Next: 5%
Magic:  9/9        EV: 25    Int:  7    God:
Gold:   276        SH: 11    Dex: 15    Spells: 8/8 levels left

rFire    . . .     SeeInvis .   a - +2 long sword
rCold    . . .     Gourm    .   c - +0 shield
rNeg     . . .     Faith    .   b - +0 scale mail
rPois    .         Spirit   .   (no helmet)
rElec    .         Reflect  .   i - +0 cloak
rCorr    .         Harm     .   t - +0 pair of gloves
MR       .....                  (no boots)
Stlth    ..........             k - amulet of the acrobat
HPRegen  0.21/turn              j - +6 ring of strength
MPRegen  0.11/turn              (no ring)

@: no status effects
A: change form in water, swift swim, stealthy swim
a: no special abilities


You were on level 6 of the Dungeon.
You were not hungry.

You visited 2 branches of the dungeon, and saw 8 of its levels.

You collected 276 gold pieces.

Inventory:

Hand Weapons
 a - a +2 long sword (weapon)
Armour
 b - a +0 scale mail (worn)
 c - a +0 shield (worn)
 i - a +0 cloak (worn)
 t - a +0 pair of gloves (worn)
Jewellery
 g - an uncursed ring of fire
 j - a +6 ring of strength (left hand)
 k - an amulet of the acrobat (around neck)
Wands
 h - a wand of flame (9)
 u - a wand of scattershot (7)
Scrolls
 d - 2 scrolls of teleportation
 r - 6 scrolls of remove curse
 w - a scroll of immolation {unknown}
 x - a scroll of amnesia
Potions
 e - 3 potions of flight
 l - 2 potions of berserk rage {unknown}
 m - a potion of magic {unknown}
 n - 2 potions of mutation {unknown}
 o - 4 potions of brilliance {unknown}
 p - 2 potions of cancellation {unknown}
 q - a potion of invisibility {unknown}
 s - 2 potions of curing {unknown}
 v - a potion of heal wounds {unknown}
 z - a potion of ambrosia {unknown}
Comestibles
 f - 10 rations


   Skills:
 + Level 5.5 Fighting
 + Level 7.8 Long Blades
 + Level 4.5 Armour
 + Level 3.5 Dodging
 + Level 0.7 Stealth
 + Level 5.7 Shields
 + Level 1.1 Evocations


You had 8 spell levels left.
You didn't know any spells.
Your spell library contained the following spells:

 Spells                   Type           Power        Failure   Level  Hunger
 Summon Small Mammal      Summ           #...         98%         1    ##.....
 Call Imp                 Summ           #.......     99%         2    ###....
 Call Canine Familiar     Summ           #.......     100%        3    ####...
 Summon Guardian Golem    Hex/Summ       #.......     100%        3    ####...
 Summon Ice Beast         Ice/Summ       #.......     100%        4    #####..
 Summon Lightning Spire   Summ/Air       #.......     100%        4    #####..


Dungeon Overview and Level Annotations

Branches:
Dungeon (7/15)             Temple (1/1) D:4

Altars:
Ashenzari
Cheibriados
Dithmenos
Elyvilon
Fedhas
Gozag
Hepliaklqana
Kikubaaqudgha
Makhleb
Nemelex Xobeh
Okawaru
Qazlal
Ru
Sif Muna
Trog
Uskayaw
Vehumet
Wu Jian
Xom
Yredelemnul
Zin
The Shining One


Message History

The bullfrog skeleton is heavily damaged.
The sky beast flickers out of sight!
Deactivating autopickup; reactivate with Ctrl-A.
The bullfrog skeleton hits you but does no damage.
You slash the bullfrog skeleton!
The bullfrog skeleton is almost destroyed.
The bullfrog skeleton barely misses you.
You block the bullfrog skeleton's attack.
You slash the bullfrog skeleton!
You destroy the bullfrog skeleton!
Something hits you.
* * * LOW HITPOINT WARNING * * *
Something shocks you.
* * * LOW HITPOINT WARNING * * *
You climb upwards.
There is a stone staircase leading down here.
You start resting.
Something hits you.
* * * LOW HITPOINT WARNING * * *
Something shocks you.
You die...

################## #
#................# #
#...........####.# #
#####....)......# #.# #
#...............# #.######## #
#.############'#####.#......###
#.### #####.................
#...# #....@................
##.#.## #........##.##.###.###
#.....#####........##.##...#.#
#..................##..+...#.#
#.._...............#####...#+###
#...........######## #........
#...........# #........
#####.......# #........
#.......# #........


There were no monsters in sight!

Vanquished Creatures
  Grinder (D:3)
  Sigmund (D:3)
  A hungry ghost (D:6)
  An orc warrior (D:7)
  A hornet zombie (D:5)
  An ice beast (D:3)
  An ogre (D:5)
  2 centaurs
  A bullfrog (D:4)
  4 crimson imps
  A centaur zombie (D:6)
  2 orc priests
  A hound (D:5)
  Crazy Yiuf (D:3)
  A centaur skeleton (D:3)
  A bullfrog skeleton (D:7)
  2 orc wizards (D:5)
  2 iguanas
  A killer bee zombie (D:5)
  2 hound zombies
  2 hound skeletons
  A howler monkey zombie (D:4)
  A howler monkey skeleton (D:6)
  4 adders
  2 oozes
  2 adder zombies (D:4)
  3 dart slugs
  A leopard gecko (D:1)
  7 orcs
  2 ball pythons
  4 giant cockroaches
  3 goblins
  9 hobgoblins
  8 jackals
  3 kobolds
  2 quokkas
  6 bats
  2 frilled lizards (D:3)
  A jackal zombie (D:4)
  A leopard gecko skeleton (D:4)
  A quokka skeleton (D:4)
  A quokka zombie (D:4)
  3 rats
  A fungus (D:3)
98 creatures vanquished.

Notes
Turn   | Place    | Note
-------+----------+-------------------------------------------
     0 | D:1      | Kaderl the Merfolk Fighter began the quest for the Orb.
     0 | D:1      | Reached XP level 1. HP: 18/18 MP: 1/1
   195 | D:1      | Reached XP level 2. HP: 22/24 MP: 2/2
   317 | D:1      | Found a sparkling altar of Nemelex Xobeh.
   520 | D:1      | Reached XP level 3. HP: 29/29 MP: 3/3
  1384 | D:2      | Found a stormy altar of Qazlal.
  1384 | D:2      | Found an ornate altar of the Wu Jian Council.
  1385 | D:2      | Found a white marble altar of Elyvilon.
  1408 | D:2      | Found a shadowy altar of Dithmenos.
  1431 | D:2      | Found a faded altar of an unknown god.
  1537 | D:2      | Reached skill level 3 in Long Blades
  1756 | D:2      | Found a sacrificial altar of Ru.
  1865 | D:2      | You fall through a shaft!
  1865 | D:3      | Found a bloodstained altar of Trog.
  1894 | D:3      | Noticed an ice beast
  1901 | D:3      | Killed an ice beast
  1901 | D:3      | Reached skill level 1 in Dodging
  1901 | D:3      | Reached XP level 4. HP: 19/37 MP: 4/4
  1901 | D:3      | Reached XP level 5. HP: 22/42 MP: 5/5
  2051 | D:3      | Noticed Sigmund
  2240 | D:3      | Reached skill level 4 in Long Blades
  2853 | D:3      | Noticed Grinder
  2928 | D:4      | Reached XP level 6. HP: 30/49 MP: 6/6
  3204 | D:4      | Found a staircase to the Ecumenical Temple.
  3291 | Temple   | Entered the Ecumenical Temple
  3465 | D:4      | Found a snail-covered altar of Cheibriados.
  3486 | D:4      | Found a radiant altar of Vehumet.
  3605 | D:4      | Reached skill level 5 in Long Blades
  3873 | D:3      | Killed Sigmund
  3873 | D:3      | Reached XP level 7. HP: 36/55 MP: 7/7
  4000 | D:3      | Killed Grinder
  4478 | D:3      | Found a runed door.
  4482 | D:3      | Noticed Crazy Yiuf
  4493 | D:3      | Killed Crazy Yiuf
  4720 | D:5      | Entered Level 5 of the Dungeon
  4772 | D:5      | Reached skill level 6 in Long Blades
  4772 | D:5      | Reached XP level 8. HP: 41/61 MP: 8/8
  4822 | D:5      | Reached skill level 1 in Evocations
  4929 | D:5      | Found a hazy altar of Hepliaklqana.
  4975 | D:5      | Reached skill level 5 in Shields
  5612 | D:6      | Reached skill level 5 in Fighting
  5645 | D:6      | Found a radiant altar of Vehumet.
  5765 | D:6      | Reached skill level 7 in Long Blades
  5962 | D:6      | Noticed an angel
  5963 | D:6      | Found a glowing silver altar of Zin.
  6126 | D:7      | Reached XP level 9. HP: 12/68 MP: 9/9
  6151 | D:6      | Slain by a sky beast

Skill      XL: |  1  2  3  4  5  6  7  8 |
---------------+-------------------------+-----
Long Blades    | 3 4 5 6 7 |  7.8
Fighting       | 4 5 |  5.5
Dodging        | 1 2 3 |  3.5
Armour         | 3 4 |  4.5
Shields        | 4 5 |  5.7
Evocations     | 1 |  1.1
Stealth        | |  0.7

Action                   |  1- 3 |  4- 6 |  7- 9 || total
-------------------------+-------+-------+-------++-------
Melee: Long sword        |   100 |    98 |   175 ||   373
       Tailslap          |       |     1 |       ||     1
Evoke: Wand              |       |     5 |     6 ||    11
  Use: Scroll            |     3 |     6 |     2 ||    11
       Potion            |       |     1 |       ||     1
  Eat: Ration            |     1 |     2 |     3 ||     6
Armor: Scale mail        |    40 |    37 |    49 ||   126
Dodge: Dodged            |    37 |    47 |    72 ||   156
Block: Shield            |    60 |    53 |    93 ||   206
       Rpst.: Long sword |    13 |    12 |    20 ||    45
